 Dungeon Crawl Stone Soup version 0.28-a0-984-g3775c662fe (webtiles) character file.

Game seed: 10363500254191863959

10 fragbeetle the Ruffian (level 2, -1/23 HPs)
             Began as a Draconian Transmuter on Dec 3, 2021.
             Slain by a gnoll (7 damage)
             ... on level 1 of the Dungeon.
             The game lasted 00:01:27 (228 turns).

fragbeetle the Ruffian (Draconian Transmuter)        Turns: 228, Time: 00:01:27

Health: -1/23      AC:  4    Str: 12    XL:     2   Next: 10%
Magic:  4/5        EV: 12    Int: 13    God:
Gold:   6          SH:  0    Dex: 11    Spells: 4/5 levels left

rFire   . . .      SeeInvis .     - Unarmed
rCold   . . .      Faith    .   (no shield)
rNeg    . . .      Spirit   .   (armour unavailable)
rPois   .          Reflect  .   (helmet currently unavailable)
rElec   .          Harm     .   (no cloak)
rCorr   .          Rampage  .   (no gloves)
Will    .....                   (boots currently unavailable)
Stlth   +.........              (no amulet)
HPRegen 0.07/turn               (no ring)
MPRegen 0.09/turn               (no ring)

@: appendages (expiring)
A: horns 2, talons 2, AC +4, unfitting armour, cold-blooded
a: End Transformation


You were on level 1 of the Dungeon.
You had temporarily grown beastly horns and talons.
You visited 1 branch of the dungeon, and saw 2 of its levels.

You collected 6 gold pieces.

Inventory:

Missiles
 b - 5 silver javelins
Potions
 a - a potion of heal wounds {unknown}


   Skills:
 + Level 1.1 Fighting
 + Level 1.8 Dodging
 + Level 3.3 Unarmed Combat
 + Level 2.1 Spellcasting
 + Level 2.2 Transmutations


You had 4 spell levels left.
You knew the following spells:

 Your Spells              Type           Power      Damage    Failure   Level
a - Beastly Appendage     Tmut           14%        N/A       10%         1

Your spell library contained the following spells:

 Spells                   Type           Power      Damage    Failure   Level
 Wereblood                Tmut           7%         N/A       16%         2
 Spider Form              Tmut/Pois      4%         N/A       43%         3
 Ice Form                 Ice/Tmut       4%         N/A       83%         4


Dungeon Overview and Level Annotations

Branches:
Dungeon (2/15)

Altars:


Innate Abilities, Weirdness & Mutations

You have temporarily grown beastly horns and talons.
Your plain brown scales are hard. (AC +4)
You cannot fit into any form of body armour.
You are cold-blooded and may be slowed by cold attacks.


Message History

You hit the ball python but do no damage.
You claw the ball python, but do no damage.
The ball python is severely wounded.
The ball python barely misses you. x2
You barely miss the ball python. Your headbutt misses the ball python.
The ball python is severely wounded.
The ball python barely misses you. x2
You closely miss the ball python.
Your tail-slap misses the ball python.
The ball python is severely wounded.
Your horns disappear.
Your talons disappear.
The ball python closely misses you. The ball python grabs you.
The ball python constricts you.
You hit the ball python.
You kill the ball python!
Things that are here:
a ball python corpse; a jackal corpse
Found a scale mail.
You see here 6 silver javelins.
b - 6 silver javelins
Found a scroll labelled WIHANO ABUFI and 26 sling bullets.
A gnoll comes into view. It is wielding a +0 spear.
Found 23 gold pieces.
Found a faded altar of an unknown god.
Throw: 6 javelins (silver)
Press: ? - help, Shift-Dir - straight line, f - gnoll
Aim: a gnoll, wielding a +0 spear (58% to hit)
You throw a silver javelin.
The silver javelin closely misses the gnoll.
The gnoll barely misses you.
The gnoll hits you from afar with a +0 spear!
Casting: Beastly Appendage (safe; 10% risk of failure)
Confirm with . or Enter, or press ? or * to list all spells.
You grow a pair of large bovine horns.
Your feet morph into talons.
The gnoll hits you from afar with a +0 spear.
Your transformation is almost over.
You see here 23 gold pieces.
The gnoll hits you from afar with a +0 spear.
* * * LOW HITPOINT WARNING * * *
The gnoll hits you with a +0 spear!
You die...

###.#.[.......# #..
...#.........# #.#
..+.........# ##(#
#.#.........# #..'
###.#.........###..#
#...............†..#
######.#...#..#.###..##..
.......#.g.#g.#......'...
.......#@..#..#......####
...........?.........#
......._.............#
######.#......#...#..#
#.#(.....#.?.#..#
#.#......#........
..................
........#######(...
########## ....


You could see a gnoll.

Vanquished Creatures
  A dart slug (D:1)
  2 ball pythons (D:1)
  3 jackals (D:1)
  A rat (D:1)
7 creatures vanquished.

Notes
Turn   | Place    | Note
-------+----------+-------------------------------------------
     0 | D:1      | fragbeetle the Draconian Transmuter began the quest for the
                  | Orb.
     0 | D:1      | Reached XP level 1. HP: 16/16 MP: 3/3
   196 | D:1      | Reached XP level 2. HP: 19/23 MP: 3/5
   216 | D:1      | Found a faded altar of an unknown god.
   228 | D:1      | Slain by a gnoll

Illustrated notes

Levels and vault maps discovered:
D:1:      amcnicky_arrival_underground_garden, layout_basic,
          hellmonk_ecumenical_altar_lost_god, chequers_garden,
          minmay_misc_feat_room, serial_bayou_ford_a, minmay_close_crescents
D:2:      layout_basic

Action                   || total
-------------------------++-------
Melee: Unarmed           ||    21
       Headbutt          ||     4
       Kick              ||     4
       Tailslap          ||     1
Throw: Javelin           ||     1
 Cast: Beastly Appendage ||     4
Armor: Skin              ||     8
Dodge: Dodged            ||    22

Table legend: (Time is in decaauts)
 A = Elapsed time spent in this place.
 B = Non-inter-level travel time spent in this place.
 C = Inter-level travel time spent in this place.
 D = Time resting spent in this place.
 E = Time spent auto-exploring this place.
 F = Levels seen in this place.
 G = Mean time per level.
                   A        B        C        D        E       F      G
               +--------+--------+--------+--------+--------+-----+--------+
         Total |    230 |    230 |      0 |      0 |     88 |   2 |  115.0 |
       Dungeon |    230 |    230 |      0 |      0 |     88 |   2 |  115.0 |
               +--------+--------+--------+--------+--------+-----+--------+

Top non-repeatable levels by time:
     D:1: 226 daAuts
     D:2: 4 daAuts
